 Dungeon Crawl Stone Soup version 0.31-a0-702-gf82c85558f (webtiles) character file.

Game seed: 18432848425859605575

62 qw the Shooter (level 4, -1/28 HPs)
             Began as a Gargoyle Hunter on Sept 7, 2023.
             Slain by Terence
             ... wielding the +7 Throatcutter {drain, coup de grace}
              (5 damage)
             ... on level 3 of the Dungeon.
             The game lasted 00:00:29 (1478 turns).

qw the Shooter (Gargoyle Hunter)                    Turns: 1478, Time: 00:00:29

Health: -1/28      AC:  6    Str: 14    XL:     4   Next: 8%
Magic:  4/4        EV: 11    Int: 10    God:
Gold:   67         SH:  0    Dex: 15    Spells: 3/3 levels left

rFire   + . .        Y - +0 shortbow
rCold   . . .        (shield currently unavailable)
rNeg    + . .        c - +0 leather armour
rPois   inf          (no helmet)
rElec   +            (no cloak)
rCorr   .            (no gloves)
SInv    .            (no boots)
Will    .....        (no amulet)
Stlth   ++           g - ring of protection from fire
HPRegen 0.24/turn    (no ring)
MPRegen 0.09/turn

%: no passive effects
@: no status effects
A: sickness immunity, AC +3, negative energy resistance 1, electricity
resistance, torment resistance 1, petrification resistance
a: no special abilities


You were on level 3 of the Dungeon.
You visited 1 branch of the dungeon, and saw 3 of its levels.

You collected 67 gold pieces.


Innate Abilities, Weirdness & Mutations

You are immune to sickness and miasma.
Your stone body is resilient. (AC +3)
You are immune to poison.
You resist negative energy. (rN+)
You are resistant to electric shocks. (rElec)
You are resistant to unholy torment.
You are immune to petrification.


   Skills:
 - Level 3.0 Fighting
 + Level 5.1 Ranged Weapons
 - Level 1.5 Dodging
 - Level 1.1 Stealth


You had 3 spell levels left.
You didn't know any spells.
Your spell library was empty.

Inventory:

Hand Weapons
 Y - a +0 shortbow (weapon)
Armour
 c - a +0 leather armour (worn)
Jewellery
 g - a ring of protection from fire (left hand)
Scrolls
 a - a scroll of identify
Potions
 e - a potion of ambrosia {unknown}

Dungeon Overview and Level Annotations

Branches:
Dungeon (3/15)

Altars:

Annotations:
D:3 Sigmund, Terence


Message History

Terence the Incautious comes into view.
He is wielding the +7 Throatcutter {drain, coup de grace} and wearing a +2 scale mail of poison resistance.
1468 |||
Found retreat position at -1,-2 (floor) with 0 blocking monsters and 4 monsters attacking at destination at distance 2 x2
1468 ||| RETREATING.
1469 |||
Found retreat position at 0,-1 (floor) with 0 blocking monsters and 4 monsters attacking at destination at distance 1 You shoot an arrow.
The arrow hits the orc but does no damage.
The orc is severely wounded.
Sigmund screams, "Die, monster!"
You shoot an arrow. The arrow hits the orc.
You kill the orc!
A rat comes into view.
You have reached level 4!
You feel clever.
You shoot an arrow. The arrow hits the orc.
The orc is heavily wounded.
The orc hits you with a +0 club.
Sigmund gestures wildly while chanting.
Sigmund flickers and vanishes!
Deactivating autopickup; reactivate with Ctrl-A.
The orc barely misses you.
You shoot an arrow. The arrow hits the orc.
You kill the orc!
The orc closely misses you.
You shoot an arrow. The arrow hits the orc.
The orc is heavily wounded.
The orc barely misses you. Something hits you but does no damage.
You shoot an arrow. The arrow hits the orc!
You kill the orc!
Something hits you.
You shoot an arrow. The arrow closely misses Terence.
The arrow hits the rat!
You kill the rat!
Terence barely misses you.
You shoot an arrow. The arrow hits Terence.
Terence is lightly wounded.
Terence hits you with the +7 Throatcutter {drain, coup de grace}.
Something hits you! Terence barely misses you.
You shoot an arrow. The arrow hits Terence.
Terence is lightly wounded.
Something hits you!
Terence hits you with the +7 Throatcutter {drain, coup de grace}.
You die...

##########
#@........
#@){......
#%<.......
#........$
#.........
#.........
#.........
#?...>....
#.........


You could see Terence.

Vanquished Creatures
  An adder (D:2)
  A dart slug (D:2)
  3 orcs (D:3)
  6 endoplasms
  A giant cockroach (D:2)
  3 goblins (D:1)
  3 hobgoblins
  4 jackals (D:2)
  4 kobolds
  3 quokkas (D:1)
  4 ball pythons (D:1)
  4 bats
  2 frilled lizards
  6 rats
45 creatures vanquished.

Notes
Turn   | Place    | Note
-------+----------+-------------------------------------------
     0 | D:1      | qw the Gargoyle Hunter began the quest for the Orb.
     0 | D:1      | Reached XP level 1. HP: 12/12 MP: 1/1
     0 | D:1      | 0 ||| qw: Version: 0.3-a-76-g4403597
     0 | D:1      | 0 ||| qw: Game counter: 910
     0 | D:1      | 0 ||| qw: Melee chars always use a shield: true
     0 | D:1      | 0 ||| qw: God list: Okawaru
     0 | D:1      | 0 ||| qw: Allow faded altars: false
     0 | D:1      | 0 ||| qw: Do Orc after clearing Dungeon:15 true
     0 | D:1      | 0 ||| qw: Do second Lair branch before Depths: true
     0 | D:1      | 0 ||| qw: Lair rune preference: random
     0 | D:1      | 0 ||| qw: Goals: Normal
     0 | D:1      | 0 ||| PLANNING D:1-11
   170 | D:1      | Reached XP level 2. HP: 17/17 MP: 2/2
   597 | D:1      | Reached XP level 3. HP: 21/21 MP: 3/3
   763 | D:1      | 763 ||| UPGRADING to ring of protection from fire.
   764 | D:1      | 764 ||| READING 2 scrolls labelled NIMIV WUEDE.
   765 | D:1      | 765 ||| READING scroll labelled YZUITA KULAI.
   782 | D:1      | 782 ||| DROPPING scroll of butterflies.
   926 | D:2      | Reached skill level 5 in Ranged Weapons
  1296 | D:2      | Reached skill level 3 in Fighting
  1467 | D:3      | Noticed Sigmund
  1467 | D:3      | Noticed Terence
  1468 | D:3      | 1468 ||| RETREATING.
  1472 | D:3      | Reached XP level 4. HP: 28/28 MP: 4/4
  1478 | D:3      | HP: 4/28 [something (8)]
  1478 | D:3      | Slain by Terence

Levels and vault maps discovered:
D:1:      lightli_iron_boxes, layout_loops_corners
D:2:      layout_basic, small_statue_intersection
D:3:      layout_basic, lemuel_crystal_altar, serial_shops, shop, uniq_terence,
          uniq_natasha, uniq_sigmund

Skill      XL: |  1  2  3 |
---------------+----------+-----
Ranged Weapons | 5 |  5.1
Fighting       | 3 |  3.0
Dodging        | |  1.5
Stealth        | |  1.1

Action                     |  1- 3 |  4- 6 || total
---------------------------+-------+-------++-------
   Fire: Shortbow          |   111 |     7 ||   118
    Use: Scroll            |     2 |       ||     2
 Armour: Leather armour    |    30 |     7 ||    37
  Dodge: Dodged            |    37 |     5 ||    42

Table legend:
 A = Non-vault XP
 B = Vault XP
 C = Vault XP percentage of total XP
 D = Non-vault monster count
 E = Vault monster count
 F = Vault count percentage of total count
                 A         B        C        D         E       F
            +---------+---------+-------+---------+---------+-------
      Total |      89 |       0 |   0.0 |      45 |       0 |   0.0
            +---------+---------+-------+---------+---------+-------
        D:1 |      35 |       0 |   0.0 |      23 |       0 |   0.0
        D:2 |      44 |       0 |   0.0 |      18 |       0 |   0.0
        D:3 |      10 |       0 |   0.0 |       4 |       0 |   0.0
            +---------+---------+-------+---------+---------+-------
